Unix NetHack Version 3.7.0-101 Work-in-progress - last build Mar 25 2024 22:18:23 (462964f8eaac915e699fc3a71b43428251fec12b,branch:master). Game began 2024-03-27 19:59:06, ended 2024-03-27 22:12:13. misanthrope, lawful female human Valkyrie ------- |..|..----- ----------------.........| |%...............-%..|.)[| |%------------....[-.---)| |SuF......| --.|........| |.........| |.--..----.| |%........| |..|.......| |....h...%| |-.......).| |....<....| |.00|...|0.| |......%..| |.-.-----..| |.........| |.......0..| |.........| -------->.-- ----------- ---- Misanthrope the Fighter St:18 Dx:17 Co:18 In:8 Wi:10 Ch:9 Lawful Dlvl:7 $:0 HP:0(79) Pw:26(26) AC:-3 Xp:9/2876 T:10628 Hungry Burdened Latest messages: You hit the winter wolf cub. The winter wolf cub just misses! You hit the winter wolf cub! The winter wolf cub misses! You hit the winter wolf cub. The winter wolf cub bites! You hit the winter wolf cub! The winter wolf cub bites! You kill the winter wolf cub! You kill the newt! You see here a pony corpse. What do you want to use or apply? [knpvwDFQRT or ?*] You have a little trouble removing A - a potion of healing. What do you want to drink? [bA or ?*] You feel better. You hit the python! You hit the python! You hit the python. You miss the python. You are beginning to feel hungry. You hit the python. The python bites! The python misses! You hit the python. The python misses! The python touches you! You hit the python. The gray unicorn butts! The gray unicorn misses! You hit the gray unicorn! The python misses! The python misses! The gray unicorn butts! The gray unicorn misses! The gray unicorn misses! The gray unicorn kicks! You hit the gray unicorn. The python bites! The python touches you! The python brushes against you. The python grabs you! The gray unicorn just misses! The gray unicorn kicks! The gray unicorn butts! The gray unicorn misses! The gray unicorn misses! The gray unicorn misses! The gray unicorn butts! You die... Do you want your possessions identified? [ynq] (y) Inventory: Weapons (')') a - an uncursed thoroughly rusty +1 spear (weapon in right hand) q - an uncursed +0 aklys Armor ('[') j - an uncursed thoroughly rusty +1 orcish helm (being worn) P - an uncursed thoroughly rusty +0 pair of iron shoes (being worn) c - an uncursed +3 small shield (being worn) t - an uncursed +0 cloak of invisibility (being worn) s - an uncursed +0 plate mail (being worn) Comestibles ('%') I - 3 uncursed food rations Potions ('!') b - an uncursed potion of paralysis Wands ('/') Q - an uncursed wand of digging (0:3) R - an uncursed wand of fire (0:2) T - an uncursed wand of lightning (0:4) D - an uncursed wand of striking (0:4) F - an uncursed wand of teleportation (0:4) Tools ('(') w - an uncursed sack containing 35 items k - an uncursed skeleton key p - an uncursed stethoscope named P8955 v - an uncursed towel named Col Stl Tpy Poi Spd n - an uncursed +0 unicorn horn Contents of the sack: 1006 gold pieces a blessed +0 mummy wrapping an uncursed scroll of create monster 2 uncursed scrolls of confuse monster an uncursed scroll of enchant weapon an uncursed scroll of teleportation an uncursed scroll of earth a cursed scroll of earth a blessed scroll of blank paper 5 uncursed scrolls of blank paper a blessed scroll of enchant armor a blessed potion of levitation an uncursed potion of full healing an uncursed potion of monster detection 6 potions of holy water an uncursed potion of confusion a blessed potion of gain energy an uncursed ring of slow digestion a cursed ring of polymorph control named cursed an uncursed ring of poison resistance an uncursed wand of create monster (0:11) an uncursed wand of digging (0:6) an uncursed blindfold an uncursed magic marker (0:30) an uncursed +0 pick-axe 2 uncursed obsidian stones 3 uncursed worthless pieces of black glass an uncursed worthless piece of blue glass 3 uncursed worthless pieces of orange glass an uncursed worthless piece of violet glass 2 uncursed worthless pieces of white glass an uncursed opal an uncursed chrysoberyl stone an uncursed worthless piece of yellow glass 3 uncursed worthless pieces of yellowish brown glass Misanthrope the Valkyrie's attributes: Background: You were a Fighter, a level 9 human Valkyrie. You were lawful, on a mission for Tyr who was opposed by Odin (neutral) and Loki (chaotic). You were right-handed. You were in Sokoban, on level 7. You entered the dungeon 10628 turns ago. It was nighttime. You had 2876 experience points, 2244 more were needed to attain level 10. Basics: You had 0 out of 79 hit points. You had all 26 energy points (spell power). Your armor class was -3. Your wallet was empty, but you had 1006 zorkmids stashed away in your pack. Autopickup was off. Final Characteristics: Your strength was 18 (limit:18/100). Your dexterity was 17 (limit:18). Your constitution was 18 (limit:18). Your intelligence was 8 (limit:18). Your wisdom was 10 (limit:18). Your charisma was 9 (limit:18). Final Status: You were held by a python (south). You were hungry. You were burdened; movement was slightly slowed. You were wielding a spear. You had basic skill with spear and could have enhanced that. Final Attributes: You were piously aligned. You were cold resistant. You were poison resistant. You were telepathic. You were invisible. You were stealthy. You were guarded. You were fast. You are dead. Miscellaneous: You never encountered a bones level. Total elapsed playing time was 2 hours, 13 minutes and 5 seconds. Major events: Turn 1: misanthrope the lawful human Valkyrie entered the dungeon 1235: attained the rank of Skirmisher (level 3) 1605: entered the Gnomish Mines 2734: attained the rank of Fighter (level 6) 4859: reached Mine Town 9002: entered Sokoban 9406: completed 1st Sokoban level 10531: completed 2nd Sokoban level 10628: killed by a gray unicorn Vanquished creatures: a giant mimic 2 large mimics a stalker 3 small mimics an elf mummy a carnivorous ape a leather golem 2 watchmen a giant beetle a quivering blob a cockatrice 3 wolves a winter wolf cub a gremlin 4 leprechauns an iron piercer a horse an ice vortex 2 vampire bats a forest centaur an orc mummy a rust monster 2 owlbears 2 gold golems 2 lizards 2 dingoes a housecat a jaguar a black unicorn a raven a snake an ape a rope golem a soldier ant 4 fire ants an imp a mountain nymph 3 Mordor orcs 4 Uruk-hai an orc shaman 4 rock piercers a rock mole 3 ponies 3 fog clouds 4 yellow lights a shrieker 2 violet fungi 7 gnome leaders a gnomish wizard 2 straw golems 2 paper golems a giant ant a little dog a floating eye 9 dwarves 2 kobold leaders 2 kobold shamans 16 hill orcs 2 rabid rats 2 giant bats a wererat a werejackal 4 iguanas 2 coyotes 3 hobbits a manes a large kobold a hobgoblin 4 giant rats 2 cave spiders a brown mold 3 yellow molds a green mold a red mold 36 gnomes 4 geckos 7 jackals a fox a kobold 2 goblins 2 sewer rats 6 grid bugs 5 bats 7 lichens 2 kobold zombies 7 newts 234 creatures vanquished. No species were genocided or became extinct. Voluntary challenges: You read items or engraved 14 times. You engraved Elbereth 4 times. You never genocided any monsters. You never polymorphed an object. You never changed form. You used no wishes. You did not violate any of the special Sokoban rules. Achievements: You attained the rank of Skirmisher. You entered a shop. You entered the Gnomish Mines. You attained the rank of Fighter. You entered Minetown. You entered a temple. You entered Sokoban. The Dungeons of Doom: levels 1 to 9 Level 1: A fountain. Level 2: Level 3: A general store, a fountain. Stairs down to The Gnomish Mines. Level 4: An altar to Tyr. Level 5: A general store. Level 6: "unicorn" A delicatessen, some fountains. Level 7: A fountain, a sink. Level 8: "unicorn" Many fountains. Oracle of Delphi. Level 9: Stairs up to Sokoban, level 8. The Gnomish Mines: levels 4 to 7 Level 4: Level 5: Level 6: A temple and an altar, some fountains, some trees. Level 7: Sokoban: levels 8 up to 7 Level 7: <- You were here. Solved. Final resting place for you, killed by a gray unicorn. Level 8: Solved. Game over: ---------- / \ / REST \ / IN \ / PEACE \ / \ | misanthrope | | 1006 Au | | killed by a gray | | unicorn | | | | | | 2024 | *| * * * | * _________)/\\_//(\/(/\)/\//\/|_)_______ Farvel misanthrope the Valkyrie... You died in Sokoban on dungeon level 7 with 12890 points, and 1006 pieces of gold, after 10628 moves. You were level 9 with a maximum of 79 hit points when you died.